 Dungeon Crawl Stone Soup version 0.27.1-33-g824d729ab1 (webtiles) character file.

Game seed: 17488715993631725361

758 SensoryNuts the Shield-Bearer (level 7, 0/43 HPs)
             Began as a Gargoyle Fighter on Dec 11, 2021.
             Slain by a gnoll (4 damage)
             ... on level 5 of the Dungeon.
             The game lasted 00:09:59 (4593 turns).

SensoryNuts the Shield-Bearer (Gargoyle Fighter)    Turns: 4593, Time: 00:09:59

Health: 0/43       AC: 21    Str: 32    XL:     7   Next: 80%
Magic:  7/7        EV:  6    Int:  8    God:
Gold:   237        SH: 12    Dex: 15    Spells: 6/6 levels left

rFire    . . .     SeeInvis .   r - +0 spear (freeze)
rCold    . . .     Faith    .   c - +0 kite shield
rNeg     + . .     Spirit   .   s - +1 plate armour
rPois    ∞         Reflect  .   (helmet restricted)
rElec    +         Harm     .   (no cloak)
rCorr    .         Rampage  .   (no gloves)
Will     .....                  n - +0 pair of boots
Stlth    ..........             (no amulet)
HPRegen  0.14/turn              k - +6 ring of strength
MPRegen  0.10/turn              w - +6 ring of dexterity

@: no status effects
A: sickness immunity, AC +4, negative energy resistance 1, electricity
resistance, torment resistance 1, petrification resistance, horns 1, iridescent
scales 1, strong 2
a: no special abilities


You were on level 5 of the Dungeon.
You visited 1 branch of the dungeon, and saw 5 of its levels.

You collected 237 gold pieces.

Inventory:

Hand Weapons
 a - a +0 long sword
 r - a +0 spear of freezing (weapon)
Missiles
 t - 3 throwing nets (quivered)
Armour
 b - a +0 scale mail
 c - a +0 kite shield (worn)
 n - a +0 pair of boots (worn)
 s - a +1 plate armour (worn)
Jewellery
 e - a ring of magical power
 k - a +6 ring of strength (left hand)
 v - a ring of resist corrosion
 w - a +6 ring of dexterity (right hand)
Wands
 d - a wand of mindburst (7)
Scrolls
 f - a scroll of enchant armour
 g - a scroll of torment {unknown}
 i - a scroll of vulnerability
 j - a scroll of amnesia
 l - a scroll of acquirement {unknown}
 m - a scroll of identify {unknown}
Potions
 h - 2 potions of cancellation {unknown}
 q - a potion of curing


   Skills:
 + Level 4.2 Fighting
 + Level 2.7 Long Blades
 + Level 3.8 Polearms
 + Level 5.0 Armour
 + Level 0.7 Dodging
 + Level 1.4 Stealth
 + Level 6.0 Shields


You had 6 spell levels left.
You didn't know any spells.
Your spell library contained the following spells:

 Spells                   Type           Power      Damage    Failure   Level
 Foxfire                  Conj/Fire      0%         2x1d4     100%        1
 Sandblast                Erth           0%         2d4       100%        1
 Passwall                 Tmut/Erth      0%         N/A       100%        2
 Conjure Flame            Conj/Fire      0%         6-21      100%        3
 Dazzling Flash           Conj/Hex       0%         N/A       100%        3
 Inner Flame              Hex/Fire       0%         N/A       100%        3
 Iskenderun's Mystic Bla  Conj/Tloc      0%         2d3       100%        4
 Lee's Rapid Deconstruct  Erth           0%         3d5*      100%        5
 Starburst                Conj/Fire      0%         6d3       100%        6


Dungeon Overview and Level Annotations

Branches:
Dungeon (5/15)
 Temple: D:4-7

Altars:

Shops:
D:4 *

Annotations:
D:5 1 runed translucent door, Crazy Yiuf


Innate Abilities, Weirdness & Mutations

You are immune to sickness and miasma.
Your stone body is resilient. (AC +4)
You are immune to poison.
You resist negative energy. (rN+)
You are resistant to electric shocks. (rElec)
You are resistant to unholy torment.
You are immune to petrification.
You have a pair of small horns on your head.
You are partially covered in iridescent scales. (AC +2)
Your muscles are very strong. (Str +4)


Message History

The gnoll is heavily wounded.
The gnoll hits you but does no damage.
You closely miss the gnoll. Your headbutt misses the gnoll.
The gnoll is heavily wounded.
The gnoll hits you with a +0 halberd. The gnoll hits you but does no damage.
You hit the gnoll. You freeze the gnoll. Your headbutt misses the gnoll.
The gnoll is severely wounded.
You block the gnoll's attack.
You hit the gnoll. You freeze the gnoll.
You kill the gnoll!
You hit the gnoll. You freeze the gnoll.
The gnoll is lightly wounded.
The gnoll hits you but does no damage.
Your plate armour prevents you from hitting the gnoll.
You headbutt the gnoll, but do no damage.
The gnoll is lightly wounded.
The gnoll hits you but does no damage.
You hit the gnoll but do no damage. Your headbutt misses the gnoll.
The gnoll is lightly wounded.
The gnoll hits you with a +2 flail of protection.
* * * LOW HITPOINT WARNING * * *
Your plate armour prevents you from hitting the gnoll.
You headbutt the gnoll.
The gnoll is heavily wounded.
You block the gnoll's attack.
You completely miss the gnoll.
The gnoll is heavily wounded.
The gnoll hits you with a +2 flail of protection.
* * * LOW HITPOINT WARNING * * *
You hit the gnoll. You freeze the gnoll.
You headbutt the gnoll, but do no damage.
The gnoll is almost dead.
The gnoll hits you with a +2 flail of protection.
* * * LOW HITPOINT WARNING * * *
The gnoll hits you with a +2 flail of protection.
* * * LOW HITPOINT WARNING * * *
You hit the gnoll but do no damage.
The gnoll is almost dead.
The gnoll hits you with a +2 flail of protection.
You die...

...##...............* *,*
...##....#..........* *,*
...+......##.#######* *,*
...##.....##.######## *,*
..........##........# *,*
..........#########.# *,*
.............,,* #.# *,*
#+#.....#.##.######.##*,*
*,#.....#......g@....#*,*
#+#....g######.####..#*,*
.....g..###.......#..#*,*
....###.#.......#.#.>#*,*
...g# #.)..##...#,#..#*,*
.gg.# #.......#.#,#..#*,*
..### ##....).#...#..#*,*
..*****#.....######...,,*
..,,,,,........,,,,,,,,,*


You could see a gnoll.

Vanquished Creatures
  Sigmund (D:4)
  An ogre (D:5)
  A scorpion (D:5)
  A water moccasin skeleton (D:4)
  2 gnoll shamans (D:5)
  A bullfrog skeleton (D:5)
  A hound skeleton (D:4)
  Robin (D:4)
  6 adders
  11 gnolls
  A howler monkey skeleton (D:5)
  2 ufetubi (D:5)
  3 worms
  3 dart slugs
  12 orcs
  5 ball pythons
  5 endoplasms
  4 giant cockroaches
  15 goblins
  11 hobgoblins
  2 jackals (D:4)
  6 quokkas
  2 bats (D:1)
  2 frilled lizards
  2 kobolds
  2 rats
103 creatures vanquished.

Vanquished Creatures (others)
  4 fungi (D:3)
  5 plants
9 creatures vanquished.

Grand Total: 112 creatures vanquished

Notes
Turn   | Place    | Note
-------+----------+-------------------------------------------
     0 | D:1      | SensoryNuts the Gargoyle Fighter began the quest for the
                  | Orb.
     0 | D:1      | Reached XP level 1. HP: 14/14 MP: 1/1
   227 | D:1      | Reached XP level 2. HP: 11/19 MP: 2/2
  1222 | D:1      | Reached XP level 3. HP: 20/23 MP: 3/3
  1726 | D:2      | Reached XP level 4. HP: 14/28 MP: 4/4
  2501 | D:3      | Reached skill level 4 in Shields
  2661 | D:3      | Found a faded altar of an unknown god.
  2694 | D:3      | Reached XP level 5. HP: 33/33 MP: 5/5
  3347 | D:4      | Noticed Sigmund
  3373 | D:4      | Killed Sigmund
  3374 | D:4      | Reached skill level 1 in Polearms
  3374 | D:4      | Reached skill level 5 in Shields
  3374 | D:4      | Reached XP level 6. HP: 27/38 MP: 6/6
  3389 | D:4      | Gained mutation: Your muscles are strong. (Str +2) [potion
                  | of mutation]
  3389 | D:4      | Gained mutation: Your spells are a little easier to cast,
                  | but a little less powerful. [potion of mutation]
  3395 | D:4      | Lost mutation: Your spells are a little easier to cast, but
                  | a little less powerful. [potion of mutation]
  3395 | D:4      | Gained mutation: You are agile. (Dex +2) [potion of
                  | mutation]
  3395 | D:4      | Gained mutation: Your flesh is heat resistant. (rF+)
                  | [potion of mutation]
  3395 | D:4      | Gained mutation: Your large and strong wings let you fly.
                  | [potion of mutation]
  3395 | D:4      | Gained mutation: Your muscles are very strong. (Str +4)
                  | [potion of mutation]
  3396 | D:4      | Lost mutation: You are agile. (Dex +2) [potion of mutation]
  3396 | D:4      | Lost mutation: Your flesh is heat resistant. (rF+) [potion
                  | of mutation]
  3396 | D:4      | Gained mutation: You are partially covered in iridescent
                  | scales. (AC +2) [potion of mutation]
  3396 | D:4      | Lost mutation: Your large and strong wings let you fly.
                  | [potion of mutation]
  3396 | D:4      | Gained mutation: You have a pair of small horns on your
                  | head. [potion of mutation]
  3402 | D:4      | Found Pihim's General Store.
  3597 | D:4      | Noticed Robin
  3609 | D:4      | Killed Robin
  4113 | D:5      | Entered Level 5 of the Dungeon
  4164 | D:5      | Reached XP level 7. HP: 42/43 MP: 7/7
  4192 | D:5      | Reached skill level 1 in Stealth
  4271 | D:5      | Found a runed translucent door.
  4272 | D:5      | Noticed Crazy Yiuf
  4453 | D:5      | Reached skill level 5 in Armour
  4568 | D:5      | Reached skill level 6 in Shields
  4593 | D:5      | Slain by a gnoll

Illustrated notes

Levels and vault maps discovered:
D:1:      arrival_zaba_pyramid, layout_loops_corners, minivault_23
D:2:      layout_basic, minmay_liquid_box, serial_bayou_lagoon_a,
          minmay_domino_4
D:3:      layout_basic, shapermc_ecumenical_altar_mp_urbaneastern,
          kennysheep_generic_room_9
D:4:      layout_rooms, serial_shops, shop, ebering_dispersal_statue_hall,
          uniq_sigmund, uniq_robin
D:5:      layout_basic, uniq_crazy_yiuf_cottage

Skill      XL: |  1  2  3  4  5  6  7 |
---------------+----------------------+-----
Long Blades    | 2 |  2.7
Armour         | 4 5 |  5.0
Shields        | 4 5 6 |  6.0
Polearms       | 1 2 3 |  3.8
Fighting       | 4 |  4.2
Stealth        | 1 |  1.4
Dodging        | |  0.7

Action                   |  1- 3 |  4- 6 |  7- 9 || total
-------------------------+-------+-------+-------++-------
Melee: Long sword        |    98 |     5 |       ||   103
       Spear             |       |   212 |    82 ||   294
       Headbutt          |       |    13 |    35 ||    48
  Use: Potion            |       |    11 |       ||    11
       Scroll            |       |     9 |       ||     9
 Stab: Invisible         |       |     4 |       ||     4
Armor: Scale mail        |    57 |     4 |       ||    61
       Plate armour      |       |   108 |    57 ||   165
Dodge: Dodged            |    31 |    36 |    23 ||    90
Block: Kite shield       |    66 |   121 |    73 ||   260
       Rpst.: Long sword |     6 |       |       ||     6
